 Dungeon Crawl Stone Soup version 0.30-a0-1016-gfb0d676c02 (webtiles) character file.

Game seed: 335132085289927330

25 Newt the Shooter (level 3, 0/24 HPs)
             Began as a Kobold Hunter on Apr 6, 2023.
             Slain by a goblin
             ... wielding a +0 club
              (4 damage)
             ... on level 2 of the Dungeon.
             The game lasted 00:00:44 (944 turns).

Newt the Shooter (Kobold Hunter)                     Turns: 944, Time: 00:00:45

Health: 0/24       AC:  3    Str:  8    XL:     3   Next: 17%
Magic:  3/3        EV: 14    Int: 10    God:
Gold:   38         SH:  0    Dex: 20    Spells: 2/2 levels left

rFire   . . .      SeeInvis .    a - +0 shortbow
rCold   . . .      Faith    .    (shield currently unavailable)
rNeg    . . .      Spirit   .    c - +0 leather armour
rPois   .          Reflect  .    (no helmet)
rElec   .          Rampage  .    (no cloak)
rCorr   .                        (no gloves)
Will    .....                    (no boots)
Stlth   +++                      (no amulet)
HPRegen 0.24/turn                (no ring)
MPRegen 0.08/turn                (no ring)

@: lethally poisoned (0 -> -1)
A: small, no large weapons, nightstalker 3
a: no special abilities


You were on level 2 of the Dungeon.
You visited 1 branch of the dungeon, and saw 2 of its levels.

You collected 38 gold pieces.

Inventory:

Hand Weapons
 a - a +0 shortbow (weapon)
Armour
 c - a +0 leather armour (worn)
Scrolls
 b - 2 scrolls of immolation
 d - a scroll of identify
 e - 2 scrolls of teleportation
Potions
 f - 2 potions of curing {unknown}
 g - 2 potions of might {unknown}
 j - a potion of degeneration
 l - a potion of heal wounds {unknown}


   Skills:
 + Level 3.8 Fighting
 - Level 5.3 Ranged Weapons
 - Level 2.4 Dodging
 - Level 1.3 Stealth


You had 2 spell levels left.
You didn't know any spells.
Your spell library contained the following spells:

 Spells                   Type           Power      Damage    Failure   Level
 Sandblast                Erth           0%         2d4       50%         1
 Passwall                 Tmut/Erth      0%         N/A       63%         2
 Stone Arrow              Conj/Erth      0%         3d7       86%         3
 Volatile Blastmotes      Fire/Tloc      0%         2d10      86%         3
 Fulminant Prism          Conj/Hex       0%         3d5       99%         4
 Iskenderun's Mystic Bla  Conj/Tloc      0%         2d3       99%         4
 Lee's Rapid Deconstruct  Erth           0%         3d4*      100%        5


Dungeon Overview and Level Annotations

Branches:
Dungeon (2/15)

Altars:


Innate Abilities, Weirdness & Mutations

You are small and have problems with some larger weapons.
You are completely attuned to the shadows.


Message History

Found a scroll labelled FOLO ZORICIORR and 2 stones.
The adder hisses angrily.
You hear a shout!
An adder is nearby!
You shoot an arrow. The arrow misses the adder.
The adder bites you.
A hobgoblin comes into view.
The adder closely misses you.
You shoot an arrow. The arrow closely misses the adder.
You hear a shout!
The adder bites you.
You are poisoned.
The adder poisons you!
A goblin comes into view. It is wielding a +0 club.
The adder misses you. The adder attacks as you move away! The adder bites you.
You are more poisoned.
The adder poisons you!
You feel very sick. The adder attacks as you move away! The adder bites you.
You feel sick.
You are too injured to fight recklessly!
You are too injured to fight recklessly!
You are too injured to fight recklessly!
You shoot an arrow. The arrow misses the adder.
The arrow hits the hobgoblin!
You kill the hobgoblin!
You feel sick. The adder bites you but does no damage.
The adder closely misses you.
Unknown command.
You shoot an arrow. The arrow closely misses the adder.
The arrow misses the goblin.
You feel sick. The adder bites you but does no damage. The adder bites you.
* * * LOW HITPOINT WARNING * * *
Unknown command.
Unknown command.
You shoot an arrow. The arrow hits the adder.
The adder is lightly wounded.
You feel sick. The adder barely misses you.
Unknown command.
You shoot an arrow. The arrow hits the adder!
You kill the adder!
You feel sick. The goblin hits you with a +0 club.
You die...

#. #.# .# #.##.##.# ...
#.....<.# #.#.#(
#.....# #.#.? #.#<#.##
#.#.### # #.#....#
###.#..g. #
#.#..#.######........
###.##.........g#†#####
....###.#######.@.#
###..[..# ##### #
#.##### # #)# # #(# ...


You could see a goblin.

Vanquished Creatures
  An adder (D:2)
  2 ball pythons (D:1)
  3 bats
  3 endoplasms (D:1)
  A giant cockroach (D:1)
  4 hobgoblins
  2 kobolds (D:1)
  4 quokkas (D:1)
  A rat (D:1)
21 creatures vanquished.

Notes
Turn   | Place    | Note
-------+----------+-------------------------------------------
     0 | D:1      | Newt the Kobold Hunter began the quest for the Orb.
     0 | D:1      | Reached XP level 1. HP: 12/12 MP: 1/1
   126 | D:1      | Reached XP level 2. HP: 18/18 MP: 2/2
   404 | D:1      | Reached XP level 3. HP: 23/23 MP: 3/3
   614 | D:1      | Found a faded altar of an unknown god.
   944 | D:2      | Slain by a goblin

Illustrated notes

Levels and vault maps discovered:
D:1:      nicolae_arrival_washed_ashore, layout_loops_ring,
          shapermc_ecumenical_altar_mp_urbaneastern,
          chequers_serial_rivers_room_b
D:2:      layout_loops_cross, minmay_tetromino_i4

Skill      XL: |  1  2 |
---------------+-------+-----
Fighting       | 3 |  3.8
Ranged Weapons | |  5.3
Dodging        | |  2.4
Stealth        | |  1.3

Action                     || total
---------------------------++-------
   Fire: Shortbow          ||    46
    Use: Scroll            ||     5
 Armour: Leather armour    ||     5
  Dodge: Dodged            ||    10

Table legend: (Time is in decaauts)
 A = Elapsed time spent in this place.
 B = Non-inter-level travel time spent in this place.
 C = Inter-level travel time spent in this place.
 D = Time resting spent in this place.
 E = Time spent auto-exploring this place.
 F = Levels seen in this place.
 G = Mean time per level.
                   A        B        C        D        E       F      G
               +--------+--------+--------+--------+--------+-----+--------+
         Total |    963 |    910 |     53 |      0 |    801 |   2 |  481.5 |
       Dungeon |    963 |    910 |     53 |      0 |    801 |   2 |  481.5 |
               +--------+--------+--------+--------+--------+-----+--------+

Top non-repeatable levels by time:
     D:1: 843 daAuts
     D:2: 119 daAuts
